 Dungeon Crawl Stone Soup version 0.18.1-50-g88ac8fd (webtiles) character file.

28 Chiseanne the Gusty (level 2, -4/20 HPs)
             Began as a Centaur Air Elementalist on Oct 5, 2016.
             Slain by a worm (6 damage)
             ... on level 2 of the Dungeon.
             The game lasted 00:02:49 (1354 turns).

Chiseanne the Gusty (Centaur Air Elementalist)      Turns: 1354, Time: 00:02:50

Health: -4/20      AC:  4    Str: 10    XL:     2   Next: 96%
Magic:  1/4        EV:  9    Int: 14    God:
Gold:   40         SH:  0    Dex:  9    Spells: 1 memorised, 3 levels left

rFire  . . .     SeeInvis .     f - +0 short sword
rCold  . . .     Gourm    .     a - +0 robe
rNeg   . . .     Faith    .     (no shield)
rPois  .         Spirit   .     (no helmet)
rElec  .         Dismiss  .     (no cloak)
rCorr  .         Reflect  .     (no gloves)
SustAt .         Harm     .     (no barding)
MR     .....                    (no amulet)
Stlth  ..........               (no ring)
                                l - ring of loudness (curse)

@: very slightly contaminated, very quick, not resistant to hostile
enchantments, extremely unstealthy
A: hooves 3, deformed body, speed 2, tough skin 3
a: no special abilities


You were on level 2 of the Dungeon.
You were not hungry.

You visited 1 branch of the dungeon, and saw 2 of its levels.

You collected 40 gold pieces.

Inventory:

Hand Weapons
 f - a +0 short sword (weapon)
Missiles
 d - 47 stones (quivered)
 g - 23 sling bullets
Armour
 a - a +0 robe (worn)
Jewellery
 l - a cursed ring of loudness (left hand)
Scrolls
 e - a scroll of remove curse
 j - a scroll of fog {unknown}
 m - a scroll of enchant armour {unknown}
Potions
 h - a potion of invisibility {unknown}
 k - a potion of mutation {unknown}
Books
 b - a book of Air

   Spells                             Type                      Level
   a - Shock                          Conjuration/Air              1
   b - Swiftness                      Charms/Air                   2
   c - Repel Missiles                 Charms/Air                   2
   d - Static Discharge               Conjuration/Air              3
   e - Lightning Bolt                 Conjuration/Air              5
Comestibles
 c - a bread ration
 i - a meat ration


   Skills:
 - Level 1.3 Dodging
 - Level 1.2 Stealth
 * Level 1.9 Spellcasting
 * Level 1.4 Conjurations
 * Level 3.3 Air Magic


You had 3 spell levels left.
You knew the following spells:

 Your Spells              Type           Power        Failure   Level  Hunger
a - Shock                 Conj/Air       #...         12%         1    ##.....


Dungeon Overview and Level Annotations

Branches:
Dungeon (2/15)

Altars:


Innate Abilities, Weirdness & Mutations

You have hooves in place of feet.
Armour fits poorly on your strangely shaped body.
You cover ground very quickly.
You have extremely tough skin (AC +3).


Message History

Found 16 stones.
You hit the worm.
The worm is heavily wounded.
You hit the worm but do no damage. You kick the worm.
The worm is heavily wounded.
The worm closely misses you.
You barely miss the worm.
The worm is heavily wounded.
The worm bites you!
You hit the worm.
The worm is severely wounded.
You hit the worm but do no damage. You kick the worm.
The worm is severely wounded.
The worm bites you!
Ouch! That really hurt!
* * * LOW HITPOINT WARNING * * *
You hit the worm but do no damage.
The worm is severely wounded.
The worm bites you.
You die...

,***,,,,,,,,,,,*** #...........<.
,,,,,*****,,*,,,,**#.............
,,**** *****,*,,,##............
,** *,***,.............. ,* #,*
*###............ ,* ##.*
####.....#...... ,*
*####..#*#.......#_#..... **
*.......##.##.#...#..#...
*......w@..#..##.....###.
*........###.............
*(......## ##############
*.......* *..!....* *.....(.*
*>......* *#######*


You could see a worm.

Vanquished Creatures
  An adder (D:2)
  A giant cockroach (D:2)
  2 hobgoblins
  2 kobolds
  2 ball pythons (D:1)
  3 bats (D:1)
  4 goblins (D:1)
  3 rats
18 creatures vanquished.

Notes
Turn   | Place    | Note
--------------------------------------------------------------
     0 | D:1      | Chiseanne the Centaur Air Elementalist began the quest for the Orb.
     0 | D:1      | Reached XP level 1. HP: 14/14 MP: 3/3
   229 | D:1      | Reached skill level 1 in Conjurations
   511 | D:1      | Reached skill level 3 in Air Magic
   511 | D:1      | Reached XP level 2. HP: 20/20 MP: 1/4
  1009 | D:2      | Found a faded altar to an unknown god.
  1035 | D:2      | HP: 1/20 [poisoned by an adder]
  1354 | D:2      | Slain by a worm

Skill      XL: |  1 |
---------------+----+-----
Conjurations   | 1 |  1.4
Air Magic      | 3 |  3.3
Dodging        | |  1.3
Stealth        | |  1.2
Spellcasting   | |  1.9

Action                   || total
-------------------------++-------
Melee: Unarmed           ||    14
       Dagger            ||    12
       Short sword       ||     6
       Kick              ||     4
 Cast: Shock             ||    39
  Use: Scroll            ||     4
       Potion            ||     2
  Eat: Chunk             ||     2
Armor: Robe              ||    14
Dodge: Dodged            ||    20
